AoeStats
← KootH.

African Clearing

505765879Analyzed
4v4 RM · 21d ago on Sep 11, 2026· 71m 4s· 8 players
Game mode
Random Map
Map size
Large (8 player)
Population
200
Speed
Normal
Resources
Standard
Victory
Conquest
Starting age
Dark Age
Ending age
Imperial Age
RankedLock teamsTeams togetherTeam positionsShared explorationLock speedFull tech treeHidden civsTurbo modeCheats
Victory
Defeat
🇨🇴 Magyars · Colombia
1360
+14
🇸🇪 Koreans · Sweden
1300
+16
🇵🇪 Huns · Peru
1286
+17
🇪🇸 Hindustanis · Spain
1250
+18
🇵🇪 Bohemians · Peru
1402
-19
🇨🇷 Chinese · Costa Rica
1312
-17
🇨🇴 Mongols · Colombia
1305
-16
🇺🇸 Vietnamese · United States
1220
-13
JAGR | HIPERYON
4:50 Loom
13:32 Feudal Age
15:03 Double-Bit Axe
16:08 Forging
17:03 Horse Collar
25:10 Wheelbarrow
25:33 Gold Mining
28:10 Castle Age
26:45 Scale Barding Armor
29:03 Bloodlines
30:19 Chain Barding Armor
30:34 Iron Casting
30:37 Gold Shaft Mining
30:21 Husbandry
30:55 Bow Saw
31:18 Hand Cart
39:26 Town Watch
41:52 Town Patrol
46:07 Imperial Age
43:51 Fletching
47:02 Imperial Age
45:10 Bodkin Arrow
47:08 Heavy Camel Rider
48:55 Blast Furnace
48:10 Cavalier
51:42 Fishing Lines
53:58 Light Cavalry
55:26 Conscription
58:52 Bracer
58:53 Padded Archer Armor
59:09 Elite Mangudai
61:00 Ballistics
61:41 Chemistry
62:22 Hussar
63:58 Leather Archer Armor
67:28 Drill
JAGR | TheMoePlay
3:32 Loom
14:48 Feudal Age
19:04 Town Watch
19:45 Fletching
21:51 Wheelbarrow
27:16 Castle Age
40:37 Double-Bit Axe
50:21 Bodkin Arrow
52:24 Scale Mail Armor
52:25 Padded Archer Armor
52:19 Elite Skirmisher
53:06 Thumb Ring
53:40 Squires
53:49 Pikeman
54:55 Horse Collar
57:12 Chain Mail Armor
58:37 Forging
60:17 Heavy Plow
61:34 Iron Casting
62:33 Bow Saw
67:38 Imperial Age
66:40 Hand Cart
67:12 Leather Archer Armor
68:08 Scale Barding Armor
68:53 Plate Mail Armor
68:25 Bracer
68:15 Light Cavalry
69:06 Bloodlines
68:56 Husbandry
69:14 Husbandry
71:26 Blast Furnace
JAGR | Mazzei10
7:06 Loom
12:46 Feudal Age
14:34 Double-Bit Axe
19:46 Fletching
21:24 Padded Archer Armor
22:53 Wheelbarrow
22:32 Horse Collar
26:52 Castle Age
26:58 Crossbowman
27:43 Thumb Ring
28:04 Bow Saw
28:34 Bodkin Arrow
31:09 Ballistics
32:34 Heavy Plow
33:01 Leather Archer Armor
35:12 Hand Cart
34:43 Town Watch
35:57 Gold Mining
35:59 Stone Mining
41:49 Imperial Age
39:42 Town Patrol
42:47 Bracer
42:09 Arbalester
43:52 Chemistry
43:24 Ring Archer Armor
43:59 Paper Money
43:48 Elite Rattan Archer
52:01 Two-Man Saw
51:34 Murder Holes
53:00 Light Cavalry
53:41 Husbandry
53:58 Bloodlines
61:06 Scale Barding Armor
61:12 Forging
68:27 Pikeman
69:09 Squires
JAGR | BkB
9:55 Loom
13:01 Feudal Age
13:37 Double-Bit Axe
13:36 Horse Collar
17:37 Wheelbarrow
23:07 Castle Age
25:39 Town Watch
29:17 Fletching
30:41 Scale Barding Armor
32:18 Bow Saw
36:59 Hand Cart
40:14 Imperial Age
40:02 Padded Archer Armor
39:34 Pikeman
40:15 Scale Mail Armor
40:26 Forging
40:22 Elite Hussite Wagon
41:12 Squires
41:28 Chain Mail Armor
42:44 Chemistry
41:44 Halberdier
46:29 Plate Mail Armor
46:39 Hand Cart
49:36 Wagenburg Tactics
49:54 Conscription
50:43 Iron Casting
52:40 Siege Engineers
52:57 Ballistics
53:00 Bombard Tower
54:08 Blast Furnace
54:19 Arson
54:38 Padded Archer Armor
55:11 Fervor
55:29 Masonry
55:06 Arrowslits
55:11 Guard Tower
56:29 Capped Ram
56:30 Houfnice
xavido
11:12 Loom
13:47 Feudal Age
12:02 Loom
14:27 Feudal Age
18:33 Castle Age
22:57 Town Watch
25:49 Double-Bit Axe
26:01 Horse Collar
26:50 Heavy Plow
30:27 Wheelbarrow
31:50 Town Patrol
32:06 Stone Mining
32:14 Gold Mining
34:03 Stone Shaft Mining
33:48 Hand Cart
34:18 Gold Shaft Mining
37:54 Imperial Age
35:38 Scale Barding Armor
35:44 Forging
35:47 Bloodlines
35:50 Husbandry
38:19 Bow Saw
40:10 Two-Man Saw
38:41 Heavy Camel Rider
40:00 Iron Casting
40:40 Chain Barding Armor
40:52 Imperial Camel Rider
42:37 Blast Furnace
43:18 Conscription
43:02 Grand Trunk Road
44:27 Plate Barding Armor
54:25 Fletching
KootH.
4:38 Loom
11:24 Feudal Age
19:29 Wheelbarrow
22:19 Castle Age
21:25 Double-Bit Axe
21:56 Fletching
22:27 Bloodlines
24:02 Husbandry
26:25 Bodkin Arrow
31:22 Padded Archer Armor
32:42 Ballistics
36:08 Leather Archer Armor
36:24 Hand Cart
37:44 Bow Saw
37:15 Horse Collar
41:50 Imperial Age
40:20 Thumb Ring
40:50 Light Cavalry
43:01 Parthian Tactics
43:38 Chemistry
43:08 Bracer
43:36 Town Watch
44:34 Heavy Plow
44:41 Elite Skirmisher
46:22 Conscription
47:16 Ring Archer Armor
53:32 Crop Rotation
54:27 Scale Barding Armor
53:48 Hussar
61:03 Corvinian Army
63:00 Chain Barding Armor
66:12 Capped Ram
kalioglu
6:56 Loom
13:49 Feudal Age
16:33 Double-Bit Axe
21:28 Fletching
25:54 Castle Age
25:25 Bloodlines
27:50 Wheelbarrow
28:49 Bodkin Arrow
34:00 Town Watch
42:57 Hand Cart
48:36 Horse Collar
50:01 Gold Mining
54:11 Imperial Age
51:56 Bow Saw
51:57 Heavy Plow
52:42 Gold Shaft Mining
52:49 Marauders
53:20 Husbandry
54:31 Scale Barding Armor
55:06 Forging
54:32 Elite Tarkan
55:33 Conscription
55:38 Chain Barding Armor
56:23 Iron Casting
56:56 Plate Barding Armor
56:39 Town Watch
57:27 Town Patrol
59:16 Blast Furnace
61:23 Bracer
64:18 Light Cavalry
66:26 Hussar
scarabe
14:08 Feudal Age
12:48 Loom
18:30 Castle Age
17:36 Fletching
18:56 Crossbowman
22:58 Town Watch
23:11 Bodkin Arrow
27:49 Wheelbarrow
30:06 Ballistics
35:19 Imperial Age
33:17 Thumb Ring
35:56 Horse Collar
36:41 Bracer
44:53 Arbalester
49:09 Chemistry
49:07 Gold Mining
55:03 Scale Mail Armor
55:14 Forging
54:30 Pikeman
56:19 Murder Holes
56:35 Masonry
56:28 Halberdier
57:35 Squires
57:21 Gambesons
58:22 Chain Mail Armor
58:43 Iron Casting
64:39 Arson
67:31 Hand Cart
Connection lost

Rejoining the realm…

Still unreachable

The connection could not be restored.

Session expired

The server has moved on; the page needs a fresh start.